 Dungeon Crawl Stone Soup version 0.30-a0-883-g5ad918d77d (webtiles) character file.

Game seed: 8043021270832248361

109 Sanktem7 the Shield-Bearer (level 4, -5/41 HPs)
             Began as a Minotaur Fighter on Mar 16, 2023.
             Killed from afar by Ijyb (9 damage)
             ... with a puff of flame
             ... on level 4 of the Dungeon.
             The game lasted 00:03:56 (2905 turns).

Sanktem7 the Shield-Bearer (Minotaur Fighter)       Turns: 2905, Time: 00:03:57

Health: -5/41      AC: 11    Str: 23    XL:     4   Next: 60%
Magic:  3/3        EV:  4    Int:  5    God:
Gold:   60         SH: 12    Dex:  9    Spells: 3/3 levels left

rFire   . . .      SeeInvis .    a - +0 war axe {axe}
rCold   . . .      Faith    .    w - +0 tower shield
rNeg    + + .      Spirit   .    c - +1 chain mail {rN+}
rPois   .          Reflect  .    (helmet restricted)
rElec   .          Rampage  .    u - +0 cloak
rCorr   .                        (no gloves)
Will    .....                    (no boots) Stlth
                                 (no amulet)
HPRegen 0.26/turn                k - ring of positive energy
MPRegen 0.08/turn                (no ring)

@: no status effects
A: horns 2, retaliatory headbutt
a: no special abilities


You were on level 4 of the Dungeon.
You visited 1 branch of the dungeon, and saw 4 of its levels.

You collected 232 gold pieces.
You spent 172 gold pieces at shops.


Innate Abilities, Weirdness & Mutations

You have a pair of horns on your head.
You reflexively headbutt those who attack you in melee.


   Skills:
 + Level 4.3 Fighting
 * Level 4.2 Axes
 + Level 4.3 Armour
 + Level 4.3 Shields


You had 3 spell levels left.
You didn't know any spells.
Your spell library contained the following spells:

 Spells                   Type           Power      Damage    Failure   Level
 Ensorcelled Hibernation  Hex/Ice        0%         N/A       100%        2
 Passwall                 Tmut/Erth      0%         N/A       100%        2
 Swiftness                Air            0%         N/A       100%        3

Inventory:

Hand Weapons
 a - a +0 war axe (weapon) {axe}
Missiles
 h - 21 stones (quivered) {throwing}
 t - 5 javelins {throwing}
Armour
 c - a +1 chain mail of positive energy (worn)
   (You bought it in a shop on level 4 of the Dungeon)
 u - a +0 cloak (worn)
   (You found it on level 3 of the Dungeon)
 w - a +0 tower shield (worn)
   (You found it on level 3 of the Dungeon)
Jewellery
 i - an amulet of magic regeneration {@e2}
   (You found it on level 1 of the Dungeon)
 k - a ring of positive energy (left hand)
   (You found it on level 2 of the Dungeon)
Wands
 q - a wand of charming (7)
   (You found it on level 3 of the Dungeon)
Scrolls
 e - 2 scrolls of immolation {unknown}
 f - 3 scrolls of identify {unknown}
 l - a scroll of blinking {unknown}
 s - a scroll of enchant armour {unknown}
Potions
 d - a potion of might
 g - a potion of mutation {unknown}
 j - a potion of attraction {unknown}
 m - a potion of haste {unknown}
 n - a potion of heal wounds {unknown}
 o - a potion of lignification {unknown}
 p - 2 potions of curing {unknown}
 r - a potion of ambrosia {unknown}
 v - a potion of berserk rage {unknown}

Dungeon Overview and Level Annotations

Branches:
Dungeon (4/15) Zot: 21044
 Temple: D:4-7

Altars:
Kikubaaqudgha

Shops:
D:4 [

Annotations:
D:4 Ijyb, Robin

.......#.........
........<#.........
.........#.......))
.#+###+###...##....
+......##...##....
#..[...'....##....
#..##..##..>##....
#..######...#.....
#@).#...'...#...8.
#gg.#..##...##....
g...#..##∩..#
.....#..##...#
......+...#......
......$#...#........
........#...#.......8
.........#..##...##...
#..##+### ..#


You could see Ijyb (strong), Robin and a hobgoblin (strong).


Message History

No target in view!
No target in view!
No target in view!
Items here: ))) [[ †. 😎 HP[+6]
Your hp is fully restored (41).
You see here a +0 short sword {short}.
Found a stone staircase leading down.
Found Zaca's Antique Armour Shop.
There is an entrance to Zaca's Antique Armour Shop here.
c - a +1 chain mail of positive energy Thank you for shopping at Zaca's Antique Armour Shop!
You start removing your armour.
You continue taking off your +0 scale mail. x4
You finish taking off your +0 scale mail.
You start putting on your armour.
You continue putting on your +1 chain mail of positive energy. x5
You finish putting on your +1 chain mail of positive energy.
You feel more protected from negative energy.
You open the door.
There is an open door here.
There is an open door here.
You open the door.
There is an open door here.
You now have 60 gold pieces (gained 13).
A hobgoblin comes into view.
The hobgoblin shouts!
You hear a shout!
The hobgoblin moves out of view.
Ijyb the Twisted Goblin comes into view.
She is wielding a +0 club and carrying a wand of flame (17).
You drop a +0 scale mail.
A goblin comes into view. It is wielding a +0 club.
The goblin shouts!
A hobgoblin comes into view.
A hobgoblin and Robin come into view.
The hobgoblin shouts! x2; You hear a shout!
A hobgoblin comes into view.
Robin roars a battlecry!
The goblins go into a battle-frenzy!
Ijyb zaps a wand.
The puff of flame hits you! 😕 HP[-10]
You take 10 damage, and now have 31/41 hp.
MASSIVE DAMAGE!! (PAUSE)
You slash the hobgoblin!
You kill the hobgoblin!
Ijyb zaps a wand.
The puff of flame hits you!
The goblin hits you but does no damage. 😮 HP[-10]
You take 10 damage, and now have 21/41 hp.
MASSIVE DAMAGE!! (PAUSE)
You hit the goblin but do no damage. You hit Ijyb but do no damage.
Ijyb zaps a wand.
The puff of flame hits you but does no damage.
You hit Ijyb. You closely miss the goblin. You closely miss the hobgoblin.
Robin says, "A pitiful Minotaur like you will never find the ORB!"
You block Robin's attack. The goblin hits you but does no damage.
Ijyb zaps a wand.
The puff of flame hits you.
* * * LOW HITPOINT WARNING * * *
You block the hobgoblin's attack. The goblin hits you but does no damage.
Robin barely misses you. The hobgoblin barely misses you.
Ijyb zaps a wand.
The puff of flame hits you.
* * * LOW HITPOINT WARNING * * *
😨 HP[-7]
You take 7 damage, and now have 14/41 hp.
You closely miss Ijyb. You closely miss the hobgoblin.
You closely miss the goblin. You block Robin's attack.
You block the goblin's attack. Ijyb hits you with a +0 club.
* * * LOW HITPOINT WARNING * * *
The hobgoblin barely misses you. The goblin barely misses you.
You block Robin's attack. You block the hobgoblin's attack.
Ijyb hits you with a +0 club.
* * * LOW HITPOINT WARNING * * *
😱 HP[-5]
You take 5 damage, and now have 9/41 hp.
You barely miss Ijyb. You slash the hobgoblin!
You kill the hobgoblin!
You slash the goblin!
You kill the goblin!
Robin hits you from afar with a +0 spear.
* * * LOW HITPOINT WARNING * * *
Ijyb hits you but does no damage. 😱 HP[-4]
You take 4 damage, and now have 5/41 hp.
You hit Ijyb but do no damage. You headbutt Ijyb, but do no damage.
You slash the hobgoblin!
You kill the hobgoblin!
Ijyb hits you but does no damage. Robin hits you but does no damage.
Ijyb hits you with a +0 club.
* * * LOW HITPOINT WARNING * * *
You block the hobgoblin's attack. Robin barely misses you.
You hit Ijyb but do no damage. You barely miss the hobgoblin.
Ijyb hits you with a +0 club.
* * * LOW HITPOINT WARNING * * *
The hobgoblin hits you but does no damage.
You block Robin's attack.
Ijyb zaps a wand.
The puff of flame hits you!
You die...

Skill      XL: |  1  2  3  4 |
---------------+-------------+-----
Axes           | 3 4 |  4.2
Fighting       | 4 |  4.3
Shields        | 4 |  4.3
Armour         | 4 |  4.3

Action                     |  1- 3 |  4- 6 || total
---------------------------+-------+-------++-------
  Melee: War axe           |    58 |    37 ||    95
         Headbutt          |     8 |     7 ||    15
 Armour: Scale mail        |    25 |    16 ||    41
         Chain mail        |       |     8 ||     8
  Dodge: Dodged            |    27 |    12 ||    39
  Block: Buckler           |     8 |     2 ||    10
         Tower shield      |       |    28 ||    28

Levels and vault maps discovered:
D:1:      sevenhm_arrival_forest_fort_small_4, layout_basic
D:2:      layout_basic, minmay_pentomino_v4
D:3:      layout_basic, mainiacjoe_overflow_boulevard
D:4:      layout_gridville, serial_shops, nicolae_lakefront_shop, shop_statue,
          nicolae_shop_behind_doors, shop, nicolae_lakefront_shop,
          nicolae_goblin_pals, uniq_natasha, uniq_grinder

Notes
Turn   | Place    | Note
-------+----------+-------------------------------------------
     0 | D:1      | Sanktem7 the Minotaur Fighter began the quest for the Orb.
     0 | D:1      | Reached XP level 1. HP: 19/19 MP: 0/0
     0 | D:1      | magus.rc [v1.9.6]
   635 | D:1      | Reached XP level 2. HP: 27/27 MP: 1/1
  1153 | D:2      | Reached skill level 3 in Axes
  1230 | D:2      | Reached XP level 3. HP: 33/33 MP: 2/2
  1295 | D:2      | Reached skill level 4 in Fighting
  1295 | D:2      | Reached skill level 4 in Shields
  1305 | D:2      | Reached skill level 4 in Armour
  1945 | D:3      | Reached XP level 4. HP: 40/40 MP: 3/3
  1992 | D:3      | Reached skill level 4 in Axes
  2232 | D:3      | Found an ancient bone altar of Kikubaaqudgha.
  2271 | D:3      | You pick up a book of Burglary and begin reading...
  2271 | D:3      | You add the spells Passwall, Ensorcelled Hibernation and
                  | Swiftness to your library.
  2858 | D:4      | Found Zaca's Antique Armour Shop.
  2866 | D:4      | Bought a runed chain mail for 172 gold pieces
  2895 | D:4      | Noticed Ijyb
  2897 | D:4      | Noticed Robin
  2902 | D:4      | HP: 9/41 [Ijyb/+0 club (5)]
  2905 | D:4      | HP: 4/41 [Ijyb/+0 club (1)]
  2905 | D:4      | Killed from afar by Ijyb

Vanquished Creatures
  4 adders
  A worm (D:3)
  3 dart slugs
  6 orcs
  6 ball pythons
  6 bats
  7 endoplasms
  2 giant cockroaches
  3 goblins
  7 hobgoblins
  A quokka (D:2)
  3 frilled lizards
  4 kobolds
  4 rats
57 creatures vanquished.

Table legend:
 A = Non-vault XP
 B = Vault XP
 C = Vault XP percentage of total XP
 D = Non-vault monster count
 E = Vault monster count
 F = Vault count percentage of total count
                 A         B        C        D         E       F
            +---------+---------+-------+---------+---------+-------
      Total |     142 |      15 |   9.6 |      48 |       9 |  15.8
            +---------+---------+-------+---------+---------+-------
        D:1 |      12 |       0 |   0.0 |       7 |       0 |   0.0
        D:2 |      76 |       7 |   8.4 |      22 |       5 |  18.5
        D:3 |      28 |       0 |   0.0 |      13 |       0 |   0.0
        D:4 |      26 |       8 |  23.5 |       6 |       4 |  40.0
            +---------+---------+-------+---------+---------+-------

Illustrated notes

Table legend:
 A = Kills in this place as a percentage of kills in the entire game.
 B = Kills by you in this place as a percentage of kills by you in the entire game.
 C = Kills by friends in this place as a percentage of kills by friends in the entire game.
 D = Other kills in this place as a percentage of other kills in the entire game.
 E = Experience gained in this place as a percentage of experience gained in the entire game.
 F = Experience gained in this place divided by the number of levels of this place that you have seen.
                   A       B       C       D       E      F
               +-------+-------+-------+-------+-------+----------------------
         Total | 100.0 | 100.0 |   N/A |   N/A | 100.0 |  39.2
       Dungeon | 100.0 | 100.0 |   N/A |   N/A | 100.0 |  39.2
               +-------+-------+-------+-------+-------+----------------------

Table legend: (Time is in decaauts)
 A = Elapsed time spent in this place.
 B = Non-inter-level travel time spent in this place.
 C = Inter-level travel time spent in this place.
 D = Time resting spent in this place.
 E = Time spent auto-exploring this place.
 F = Levels seen in this place.
 G = Mean time per level.
                   A        B        C        D        E       F      G
               +--------+--------+--------+--------+--------+-----+--------+
         Total |   2953 |   2840 |    113 |      0 |   2482 |   4 |  738.2 |
       Dungeon |   2953 |   2840 |    113 |      0 |   2482 |   4 |  738.2 |
               +--------+--------+--------+--------+--------+-----+--------+

Top non-repeatable levels by time:
     D:2: 1054 daAuts
     D:1: 913 daAuts
     D:3: 852 daAuts
     D:4: 133 daAuts
